Map: [ESL] Alcyone

Players

SKillous

  • Race: Protoss Protoss
  • League: Grandmaster
  • Spawn Location: 1:00

ForJumY - Winner!

  • Race: Protoss Protoss
  • League: Grandmaster
  • Spawn Location: 7:00

Event: HomeStory Cup XXIV

VOD

Have the link to the VOD?

Description

Time

  • Played on: Dec. 2, 2023, 10:52 a.m.
  • Length: 12:26

All games in this series

Show
View Real Time Build Order
Export as new Build Order

SKillous Protoss 

Build Orders: Phoenix Opening, Blink Stalkers 

Get SALT Encoding   

  12  0:00  Probe  
  13  0:12  Probe  
  14  0:17  Pylon  
  14  0:24  Probe (Chrono Boost)  
  15  0:36  Gateway, Probe (Chrono Boost)  
  16  0:45  Assimilator, Probe (Chrono Boost)  
  17  0:50  Probe  
  17  0:54  Assimilator  
  18  1:03  Probe (Chrono Boost)  
  19  1:07  Gateway  
  20  1:12  Probe (Chrono Boost)  
  20  1:17  Probe (Chrono Boost)  
  21  1:25  Cybernetics Core  
  21  1:29  Probe  
  22  1:33  Pylon  
  22  1:41  Probe  
  23  1:53  Probe  
  24  2:02  Stalker x2  
  24  2:03  Warp Gate  
  28  2:12  Pylon  
  28  2:18  Shield Battery  
  28  2:20  Pylon  
  28  2:32  Stalker  
  28  2:34  Stalker  
  32  2:51  Nexus  
  32  2:53  Probe  
  33  3:03  Sentry  
  33  3:04  Sentry  
  37  3:05  Probe  
  38  3:13  Twilight Council  
  38  3:20  Pylon  
  38  3:24  Probe  
  39  3:38  Shield Battery, Probe  
  40  3:45  Phoenix  
  40  3:47  Pylon  
  38  3:50  Probe  
  38  3:53  Stalker  
  38  3:54  Blink (Chrono Boost), Stalker  
  39  4:05  Probe  
  39  4:07  Probe  
  40  4:17  Probe  
  40  4:18  Stalker  
  40  4:21  Stalker  
  40  4:22  Probe  
  46  4:29  Probe  
  47  4:34  Probe  
  48  4:41  Probe  
  48  4:42  Stalker  
  48  4:45  Assimilator  
  51  4:46  Stalker  
  51  4:47  Probe  
  54  4:53  Probe, Pylon  
  55  5:00  Shield Battery  
  55  5:05  Robotics Facility  
  55  5:07  Probe  
  55  5:08  Probe  
  57  5:16  Stalker  
  57  5:19  Probe  
  57  5:20  Probe  
  61  5:23  Shield Battery  
  61  5:25  Stalker  
  61  5:31  Probe  
  61  5:33  Probe  
  62  5:40  Stalker  
  64  5:45  Nexus  
  64  5:46  Probe, Pylon  
  64  5:47  Probe  
  66  5:54  Observer (Chrono Boost)  
  66  5:55  Stalker  
  69  5:58  Probe  
  69  6:00  Forge  
  70  6:04  Probe  
  70  6:07  Observer (Chrono Boost)  
  70  6:11  Probe  
  73  6:18  Stalker  
  75  6:19  Probe  
  75  6:31  Protoss Ground Weapons Level 1 (Chrono Boost), Stalker  
  77  6:37  Probe  
  78  6:41  Pylon, Charge  
  78  6:43  Gateway  
  78  6:44  Gateway  
  78  6:47  Gateway  
  78  6:48  Gateway  
  78  6:52  Pylon  
  78  6:54  Observer  
  78  6:56  Probe x2  
  78  6:58  Probe  
  78  6:59  Shield Battery  
  81  7:03  Stalker  
  83  7:08  Probe x2  
  83  7:10  Probe  
  83  7:14  Photon Cannon  
  86  7:20  Probe x2  
  88  7:27  Stalker x2  
  93  7:30  Gateway x2  
  93  7:32  Probe  
  93  7:33  Pylon  
  93  7:34  Warp Prism (Chrono Boost)  
  95  7:46  Stalker x2  
  95  7:47  Stalker  
  95  7:49  Observer  
  95  7:50  Stalker  
  103  7:54  Stalker  
  105  8:01  Pylon  
  101  8:07  Stalker  
  103  8:15  Nexus  
  103  8:20  Stalker x4  
  103  8:23  Zealot  
  113  8:31  Pylon  
  113  8:32  Pylon  
  113  8:34  Pylon  
  107  8:43  Zealot x6  
  107  8:48  Stalker, Pylon  
  115  8:49  Pylon  
  110  8:58  Stalker  
  109  9:03  Observer  
  109  9:05  Stalker x4  
  115  9:16  Zealot x3  
  113  9:29  Zealot x5  
  113  9:33  Observer (Chrono Boost)  
  110  9:40  Zealot x2  
  90  9:54  Zealot x3  
  89  10:05  Stalker x2  
  93  10:08  Stalker  
  93  10:12  Stalker x2  
  97  10:18  Zealot  
  97  10:20  Zealot  
  76  10:28  Zealot x2  
  68  10:39  Stalker x2  
  64  10:43  Stalker  
  64  10:55  Dark Shrine  
  62  11:00  Stalker x2  
  64  11:07  Stalker  
  66  11:12  Stalker  
  68  11:22  Stalker x2  
  70  11:36  Stalker x3  
  62  11:50  Shield Battery  
  62  12:09  Dark Templar x3  
  62  12:11  Zealot x3  
Show
View Real Time Build Order
Export as new Build Order

ForJumY Protoss - Winner!

Build Orders:  

Get SALT Encoding   

  12  0:00  Probe  
  13  0:12  Probe  
  14  0:17  Pylon  
  14  0:24  Probe  
  15  0:35  Gateway  
  15  0:36  Probe (Chrono Boost)  
  16  0:45  Probe (Chrono Boost)  
  16  0:46  Assimilator  
  17  0:50  Probe (Chrono Boost)  
  18  0:57  Assimilator  
  18  1:02  Probe (Chrono Boost)  
  19  1:08  Gateway  
  19  1:13  Probe (Chrono Boost)  
  19  1:18  Probe (Chrono Boost)  
  21  1:26  Cybernetics Core  
  21  1:29  Probe  
  22  1:36  Pylon  
  22  1:42  Probe  
  23  1:54  Probe  
  24  2:02  Warp Gate (Chrono Boost)  
  24  2:03  Stalker x2  
  24  2:07  Probe  
  29  2:15  Pylon  
  29  2:19  Probe  
  30  2:31  Probe  
  30  2:33  Adept x2  
  34  2:45  Probe  
  35  3:01  Nexus  
  35  3:09  Stalker  
  35  3:11  Sentry  
  39  3:18  Pylon  
  39  3:27  Twilight Council  
  39  3:36  Probe  
  40  3:50  Probe  
  37  3:58  Pylon  
  38  4:03  Probe (Chrono Boost)  
  38  4:04  Blink (Chrono Boost)  
  38  4:06  Stalker  
  38  4:09  Dark Shrine  
  38  4:14  Probe (Chrono Boost)  
  38  4:15  Probe (Chrono Boost)  
  40  4:18  Adept  
  40  4:23  Probe x2 (Chrono Boost)  
  44  4:28  Probe  
  44  4:29  Probe  
  46  4:34  Shield Battery  
  46  4:40  Probe  
  46  4:42  Probe  
  48  4:53  Nexus  
  48  4:57  Stalker  
  51  5:00  Probe  
  51  5:07  Stalker  
  51  5:08  Probe  
  51  5:09  Pylon  
  51  5:12  Probe  
  54  5:18  Gateway  
  54  5:20  Gateway  
  54  5:29  Dark Templar  
  54  5:31  Probe  
  54  5:33  Probe  
  54  5:35  Stalker  
  54  5:40  Forge  
  54  5:42  Shield Battery  
  56  5:43  Probe  
  57  5:53  Probe  
  58  6:00  Stalker  
  58  6:02  Stalker  
  63  6:04  Probe (Chrono Boost)  
  63  6:05  Probe (Chrono Boost)  
  63  6:06  Probe (Chrono Boost)  
  63  6:07  Protoss Ground Weapons Level 1 (Chrono Boost)  
  63  6:10  Charge  
  65  6:15  Probe x2 (Chrono Boost)  
  65  6:17  Probe (Chrono Boost)  
  68  6:20  Probe (Chrono Boost)  
  68  6:21  Stalker x2, Probe  
  68  6:25  Probe  
  75  6:27  Assimilator  
  76  6:32  Probe  
  76  6:34  Stalker  
  76  6:35  Stalker  
  76  6:36  Probe  
  76  6:37  Probe  
  82  6:45  Probe  
  83  6:47  Nexus  
  83  6:48  Probe  
  84  6:56  Pylon  
  84  7:00  Robotics Facility  
  84  7:02  Probe  
  84  7:06  Pylon  
  85  7:09  Pylon x2  
  85  7:10  Gateway  
  85  7:14  Probe x2  
  87  7:18  Gateway, Stalker x2  
  91  7:23  Probe  
  91  7:25  Stalker x2  
  91  7:27  Pylon  
  94  7:33  Photon Cannon  
  94  7:35  Gateway, Probe  
  95  7:43  Stalker x2  
  99  7:45  Probe x2  
  99  7:48  Shield Battery, Probe  
  99  7:50  Observer  
  103  7:56  Stalker x2  
  105  8:06  Zealot  
  105  8:07  Protoss Ground Weapons Level 2 (Chrono Boost), Zealot x2  
  105  8:09  Probe  
  105  8:11  Assimilator  
  112  8:15  Gateway  
  112  8:17  Zealot  
  112  8:18  Probe  
  115  8:21  Gateway  
  115  8:24  Pylon, Stalker x2  
  118  8:29  Zealot x3  
  106  8:44  Stalker x2  
  106  8:48  Zealot x2  
  108  8:52  Zealot x3  
  108  8:55  Probe  
  113  8:57  Nexus  
  113  8:58  Pylon  
  109  9:06  Zealot  
  109  9:07  Probe  
  109  9:09  Dark Templar, Pylon  
  110  9:11  Zealot x4  
  110  9:14  Pylon  
  110  9:19  Stalker x3  
  102  9:27  Dark Templar  
  97  9:31  Zealot x3  
  97  9:35  Shield Battery  
  98  9:40  Zealot  
  98  9:44  Zealot x3  
  104  9:51  Dark Templar  
  92  9:55  Stalker x3  
  92  9:58  Probe x2  
  87  10:01  Probe  
  87  10:03  Stalker  
  87  10:05  Zealot x3  
  94  10:14  Dark Templar  
  94  10:15  Shield Battery  
  94  10:16  Zealot  
  94  10:18  Zealot  
  94  10:20  Pylon  
  96  10:24  Probe  
  87  10:29  Zealot x3  
  87  10:39  Stalker x3  
  87  10:40  Probe  
  86  10:43  Probe x2 (Chrono Boost)  
  86  10:44  Probe (Chrono Boost)  
  86  10:47  Pylon  
  88  10:50  Stalker  
  88  10:51  Stalker  
  88  10:54  Probe (Chrono Boost)  
  88  10:55  Probe (Chrono Boost)  
  94  11:03  Probe x2 (Chrono Boost)  
  97  11:05  Probe (Chrono Boost)  
  97  11:06  Probe (Chrono Boost)  
  98  11:13  Stalker x3  
  98  11:14  Probe  
  98  11:16  Probe  
  106  11:27  Archon  
  106  11:28  Stalker x4  
  104  11:42  Robotics Facility  
  104  11:43  Photon Cannon  
  104  11:45  Zealot x5  
  104  11:46  Probe x2  
  114  11:47  Probe  
  114  11:48  Photon Cannon  
  115  11:55  Zealot x3  
  121  12:02  Gateway  
  121  12:05  Shield Battery  
  121  12:06  Stalker x2  
  121  12:18  Stalker x5  
Tags
 
Add a new tag
Caveats
  • Supply blocks, unpowered buildings, or Contaminate may cause inaccurate times.
  • Supply counts are checked every 10 seconds.